 Dungeon Crawl Stone Soup version 0.31.0-7-gf635a9b802 (webtiles) character file.

Game seed: 16168090359852833789

334416 RepHenryClay the Victor of a Thousand Battles (level 21, -7/154 HPs)
             Began as a Gnoll Fighter on Jan 23, 2024.
             Was the Champion of Okawaru.
             Killed by a resonance strike
             ... invoked by Zenata
              (11 damage)
             ... on level 1 of the Vaults.
             The game lasted 02:43:29 (55210 turns).

RepHenryClay (GnFi)                                Turns: 55210, Time: 02:43:30

Health: -7/154     AC: 29    Str: 30    XL:     21   Next: 84%
Magic:  11/13      EV: 18    Int:  9    God:    Okawaru [******]
Gold:   4317       SH: 25    Dex: 12    Spells: 19/50 levels left

rFire   + . .        a - +8 demon trident (antimagic)
rCold   + + +        c - +5 Storm Queen's Shield {shock, Fly rElec}
rNeg    + . .        v - +8 chain mail "Gasorph" {Str+3}
rPois   +            K - +1 helmet of the Cobbler {+Inv rElec rPois Dex-2}
rElec   +            T - scarf "Noas" {repulsion, rC++}
rCorr   +            (no gloves)
SInv    .            B - +1 pair of boots {rampage}
Will    +++..        k - amulet of reflection
Stlth   ++++++       Q - ring "Woitaqes" {Wiz Will+ rCorr Str+4}
HPRegen 0.45/turn    R - ring of Cos Oju {rF+ rN+ Stlth+}
MPRegen 0.13/turn

%: repel missiles, reflection, rampage, wizardry (x1)
@: heroic, frozen, flying, studying Ice Magic, very slow
A: fangs 1, strong nose, distributed training, hooves 1, cold resistance 1,
frail 1, strong-willed 1, sturdy frame 1
}: 2/15 runes: barnacled, gossamer
a: Renounce Religion, Evoke Invisibility, Heroism, Finesse, Duel


You were on level 1 of the Vaults.
You worshipped Okawaru.
Okawaru was exalted by your worship.
You visited 8 branches of the dungeon, and saw 35 of its levels.
You visited the Abyss 2 times.
You visited 1 bazaar.
You also visited: Bailey, Ice Cave and Volcano.

You collected 6496 gold pieces.
You spent 2179 gold pieces at shops.

Inventory:

Hand Weapons
 a - a +8 antimagic demon trident (weapon)
 b - a +2 dagger of electrocution
 A - a +1 demon trident of electrocution
Missiles
 r - 53 poisoned darts (quivered)
 x - 13 atropa-tipped darts
 G - 12 silver javelins
 M - 9 curare-tipped darts
 S - 2 darts of dispersal
 X - 24 javelins
Armour
 c - the +5 Storm Queen's Shield (worn) {shock, Fly rElec}
   (You acquired it on level 9 of the Dungeon)

   Shock:     When it blocks an attack, it may electrocute the attacker.
   This works even against foes who are a short distance away.
   rElec:     It insulates you from electricity.
   Fly:       It grants you flight.
 v - the +8 chain mail "Gasorph" (worn) {Str+3}
   (You bought it in a shop in a bazaar)

   Str+3:     It affects your strength (+3).
 B - a +1 pair of boots of rampaging (worn)
 K - the +1 helmet of the Cobbler (worn) {+Inv rElec rPois Dex-2}
   (You found it in a volcano)

   Dex-2:     It affects your dexterity (-2).
   rElec:     It insulates you from electricity.
   rPois:     It protects you from poison +Inv: It lets you turn invisible.
 T - the scarf "Noas" (worn) {repulsion, rC++}
   (You found it on level 3 of the Spider Nest)

   rC++:      It greatly protects you from cold.
Jewellery
 e - an amulet of regeneration
 j - a ring of protection from fire
 k - an amulet of reflection (around neck)
 o - a ring of willpower
 s - the ring "Qorejiw" {rF- rN+ Int+4}
   (You found it in an ice cave)

   [ring of positive energy]

   Int+4:     It affects your intelligence (+4).
   rF-:       It makes you vulnerable to fire.
   rN+:       It protects you from negative energy.
 u - a +4 ring of protection
 L - a ring of see invisible
 Q - the ring "Woitaqes" (left hand) {Wiz Will+ rCorr Str+4}
   (You bought it in a shop on level 2 of the Orcish Mines)

   [ring of wizardry]

   Wiz:       It improves your spell success rate.
   Str+4:     It affects your strength (+4).
   Will+:     It increases your willpower.
   rCorr:     It protects you from acid and corrosion.
 R - the ring of Cos Oju (right hand) {rF+ rN+ Stlth+}
   (You bought it in a shop on level 3 of the Dungeon)

   [ring of protection from fire]

   rF+:       It protects you from fire.
   rN+:       It protects you from negative energy.
   Stlth+:    It makes you more stealthy.
Wands
 m - a wand of iceblast (15)
 n - a wand of quicksilver (16)
 q - a wand of digging (17)
 I - a wand of paralysis (38)
 W - a wand of mindburst (19)
Scrolls
 f - 24 scrolls of identify {@r1}
 l - 4 scrolls of fog
 t - 4 scrolls of immolation
 y - a scroll of revelation
 C - 3 scrolls of teleportation
 U - 3 scrolls of poison
 V - 2 scrolls of enchant armour
Potions
 d - 6 potions of might
 g - 12 potions of ambrosia
 h - 5 potions of haste
 i - a potion of magic
 p - 2 potions of resistance
 z - 6 potions of mutation
 E - 5 potions of enlightenment
 H - 2 potions of cancellation
 P - 10 potions of curing
 Y - 2 potions of heal wounds
 Z - 8 potions of brilliance
Miscellaneous
 w - a lightning rod (4/4)
 J - a phial of floods (inert)


   Skills:
 + Level 16.3(21.3) Fighting
 + Level 15.7(20.7) Short Blades
 + Level 15.1(20.1) Long Blades
 + Level 15.1(20.1) Axes
 + Level 15.1(20.1) Maces & Flails
 + Level 15.1(20.1) Polearms
 + Level 15.1(20.1) Staves
 + Level 15.1(20.1) Ranged Weapons
 + Level 15.1(20.1) Throwing
 + Level 16.3(21.3) Armour
 + Level 15.1(20.1) Dodging
 + Level 15.1(20.1) Stealth
 + Level 16.3(21.3) Shields
 + Level 15.1(20.1) Unarmed Combat
 + Level 15.1 Spellcasting
 + Level 12.9 Conjurations
 + Level 12.9 Hexes
 + Level 12.9 Summonings
 + Level 12.9 Necromancy
 + Level 12.9 Translocations
 + Level 12.9 Fire Magic
 + Level 13.4 Ice Magic
 + Level 12.9 Air Magic
 + Level 12.9 Earth Magic
 + Level 12.9 Alchemy
 + Level 16.4 Invocations
 + Level 15.1 Evocations
 + Level 14.0 Shapeshifting


You had 19 spell levels left.
You knew the following spells:

 Your Spells              Type           Power      Damage    Failure   Level
a - Dazzling Flash        Conj/Hex       60%        N/A       1%          3
b - Stone Arrow           Conj/Erth      60%        3d10      1%          3
c - Mephitic Cloud        Conj/Alch/Air  30%        N/A       1%          3
d - Freezing Cloud        Conj/Ice/Air   15%        6-21      1%          5
e - Olgreb's Toxic Radia  Alch           30%        N/A       1%          4
f - Iskenderun's Mystic   Conj/Tloc      30%        2d8       1%          4
g - Lee's Rapid Deconstr  Erth           15%        3d10*     1%          5
h - Vhi's Electric Charg  Tloc/Air       60%        N/A       1%          4

Your spell library contained the following spells:

 Spells                   Type           Power      Damage    Failure   Level
 Foxfire                  Conj/Fire      100%       2x1d9     1%          1
 Freeze                   Ice            100%       1d10      1%          1
 Necrotise                Necr           100%       1d9       1%          1
 Sting                    Conj/Alch      100%       1d9       1%          1
 Cigotuvi's Dreadful Rot  Necr/Alch/Air  60%        N/A       1%          2
 Ensorcelled Hibernation  Hex/Ice        60%        N/A       1%          2
 Mercury Vapours          Alch/Air       60%        N/A       1%          2
 Sublimation of Blood     Necr           30%        N/A       1%          2
 Frozen Ramparts          Ice            62%        1d10      1%          3
 Fugue of the Fallen      Necr           30%        N/A       1%          3
 Hailstorm                Conj/Ice       30%        3d8       1%          3
 Ozocubu's Armour         Ice            31%        N/A       1%          3
 Passwall                 Erth           30%        N/A       1%          3
 Sigil of Binding         Hex            30%        N/A       1%          3
 Swiftness                Air            30%        N/A       1%          3
 Vampiric Draining        Necr           30%        2d8       1%          3
 Volatile Blastmotes      Fire/Tloc      60%        2d15      1%          3
 Dimensional Bullseye     Hex/Tloc       15%        N/A       1%          4
 Ignite Poison            Fire/Alch      30%        N/A       1%          4
 Leda's Liquefaction      Alch/Erth      15%        N/A       1%          4
 Manifold Assault         Tloc           30%        N/A       1%          4
 Petrify                  Alch/Erth      30%        N/A       1%          4
 Arcjolt                  Conj/Air       15%        1d25      1%          5
 Curse of Agony           Necr           30%        N/A       1%          5
 Irradiate                Conj/Alch      15%        3d16      1%          5
 Metabolic Englaciation   Hex/Ice        15%        N/A       1%          5
 Starburst                Conj/Fire      15%        6d6       6%          6
 Ozocubu's Refrigeration  Ice            15%        4d10      24%         7
 Borgnjor's Revivificati  Necr           15%        N/A       90%         8
 Discord                  Hex            15%        N/A       90%         8
 Lehudib's Crystal Spear  Conj/Erth      15%        10d5      90%         8
 Maxwell's Capacitive Co  Air            15%        ∞         90%         8
 Death's Door             Necr           15%        N/A       100%        9
 Tukima's Dance           Hex            Unusable   N/A       N/A         3
 Animate Armour           Summ/Erth      Unusable   N/A       N/A         4
 Martyr's Knell           Necr/Summ      Unusable   N/A       N/A         4
 Summon Lightning Spire   Summ/Air       Unusable   N/A       N/A         4
 Summon Mana Viper        Hex/Summ       Unusable   N/A       N/A         5
 Haunt                    Necr/Summ      Unusable   N/A       N/A         7
 Spellforged Servitor     Conj/Summ      Unusable   N/A       N/A         7

Dungeon Overview and Level Annotations

Branches:
Dungeon (15/15)            Temple (1/1) D:6            Lair (5/5) D:10
 Shoals (4/4) Lair:2       Spider (4/4) Lair:2        Slime (0/5) Lair:5
    Orc (2/2) D:10            Elf (3/3) Orc:2        Vaults (1/5) D:14
 Depths (0/4) D:15         Bailey (visited)           IceCv (visited)
Volcano (visited)

Altars:
Ashenzari
Cheibriados
Dithmenos
Elyvilon
Fedhas
Gozag
Hepliaklqana
Kikubaaqudgha
Makhleb
Nemelex Xobeh
Okawaru
Qazlal
Ru
Sif Muna
Trog
Uskayaw
Vehumet
Wu Jian
Xom
Yredelemnul
Zin
The Shining One

Shops:
D:3 =   D:6 [   D:7 *   Orc:2 *!?(=   Shoals:3 :

Portals:
Pandemonium: Orc:2
Trove: Elf:1 (show abyssal rune of Zot)

Annotations:
Spider:3 Zosacw's ghost, adept HaHu
Vaults:1 Zenata


Innate Abilities, Weirdness & Mutations

You have very sharp teeth.
Your uncanny sense of smell can sniff out nearby items.
Your experience applies equally to all skills.
You have large cloven feet.
Your flesh is cold resistant. (rC+)
You are frail. (-10% HP)
You are strong-willed. (Will+)
Your movements are slightly less encumbered by armour. (ER -2)


Message History

You block the centaur warrior's attack.
The vault warden hits you with a +3 great sword of protection!
* * * LOW HITPOINT WARNING * * *
The ironbound frostheart touches you!
* * * LOW HITPOINT WARNING * * *
The ironbound frostheart freezes you. You resist.
* * * LOW HITPOINT WARNING * * *
The centaur warrior hits you!
* * * LOW HITPOINT WARNING * * *
The centaur warrior kicks you but does no damage.
Zenata points at you and mumbles some strange words.
A blast of power from the earth and the +2 dire flail of holy wrath strikes you!
The +2 dire flail of holy wrath hits you!
* * * LOW HITPOINT WARNING * * *
The centaur warrior hits you.
* * * LOW HITPOINT WARNING * * *
The centaur warrior kicks you.
* * * LOW HITPOINT WARNING * * *
Huge Dmg: -43%(-66hp) hp: 3%(4hp) Level annotation: Zenata Welcome back, RepHenryClay the Gnoll Fighter.
Okawaru says: Bring me glory in combat!
Press ? for a list of commands and other information.
Okay, then.
Level annotation: Zenata Welcome back, RepHenryClay the Gnoll Fighter.
Okawaru says: Bring me glory in combat!
Press ? for a list of commands and other information.
Blink to where?
Press: ? - help, Dir - move target
As you read the scroll of blinking, it crumbles to dust.
The centaur warrior wields a +0 shortbow.
The centaur warrior shoots an arrow.
You block the arrow with an invisible shield... and reflect it back!
The arrow closely misses the centaur warrior.
The arrow hits the +2 war axe of venom!!
Zenata casts a spell at you.
A blast of power from the earth strikes you!
You die...
Zenata says, "Let's see what's inside you."

....# #..# ....# ####..#
....# #######..#..# ....#
#.....#a.#..# ....#
#....('..#..# ....#
#$..p(#..'..# ....#
#..pcc#..'..# ....#
#..#+#####).# ....# #@.# #..#
....# #..# #.)# ....# ####
#))# ....# #).# ....# #..#
....######################.)#
............................#
............................#
....######################..#


You could see Zenata, a vault warden, an ironbound frostheart, a centaur warrior
and 2 dancing weapons.

Vanquished Creatures
  Mara (Shoals:2)
  Nikola (Shoals:1)
  Norris (Elf:2)
  Asterion (Elf:2)
  A lich (IceCv)
  5 sphinxes
  5 deep elf blademasters
  A kraken (Shoals:1)
  Kirke (D:13)
  2 deep elf master archers (Elf:3)
  A tentacled starspawn (Abyss:2)
  Polyphemus (Shoals:3)
  A tengu reaver (D:14)
  Agnes (Elf:2)
  Donald (Spider:2)
  Louise (Spider:3)
  3 deep elf sorcerers
  The ghost of LustLizard the Severer, a journeyman MiBe of Trog (Orc:2)
  An ironbound preserver (Vaults:1)
  7 emperor scorpions (Spider:4)
  6 ghost moths
  4 deep elf elementalists
  A reaper (Abyss:2)
  A formless jellyfish (Vaults:1)
  A very ugly thing (IceCv)
  5 broodmothers
  An ironbound thunderhulk (Vaults:1)
  4 deep elf death magi (Elf:3)
  4 deep elf demonologists
  A white draconian (Abyss:2)
  2 spark wasps (Spider:4)
  Azrael (D:15)
  4 deep elf annihilators (Elf:3)
  3 merfolk javelineers
  A yaktaur captain (Vaults:1)
  Snorg (Lair:3)
  4 entropy weavers
  4 deep elf high priests
  4 merfolk impalers
  5 hydras
  3 caustic shrike simulacra (IceCv)
  2 catoblepae
  7 centaur warriors
  2 merfolk avatars
  An ironbound frostheart (Vaults:1)
  2 rakshasas
  6 jorogumos
  A demonspawn (Orc:2)
  5 radroaches
  An ogre mage (Volcano)
  5 two-headed ogres
  22 dancing weapons
  4 boulder beetles
  11 satyrs
  13 death yaks
  A death scarab (Spider:3)
  6 orc high priests
  Urug (D:10)
  A soul eater (Orc:2)
  9 demonic crawlers
  Sonja (Orc:2)
  A hell knight (Volcano)
  3 thrashing horrors (Abyss:2)
  14 deep elf knights
  10 skysharks
  A sixfirhy (Abyss:2)
  3 skeletal warriors (D:13)
  Lodul (D:13)
  10 sea snakes
  7 pharaoh ants
  5 bog bodies (IceCv)
  3 deep trolls (Vaults:1)
  16 orb spiders
  3 large abominations
  An arcanist (Vaults:1)
  An obsidian statue (IceCv)
  An orange crystal statue (Elf:3)
  A wolf spider zombie (Spider:1)
  10 deep elf archers
  2 sun moths
  An ironbound convoker (Vaults:1)
  32 deep elf pyromancers
  12 steelbarb worms
  7 orc knights
  A spriggan simulacrum (IceCv)
  17 harpies
  5 spectral wolf spiders
  2 necromancers
  31 deep elf zephyrmancers
  17 fauns
  10 orc sorcerers
  32 ugly things
  32 wolf spiders
  5 cyclopes
  23 manticores
  A shining eye (shapeshifter) (Elf:1)
  An oklob plant (Lair:5)
  12 meliai
  9 merfolk sirens
  27 elephants
  2 moths of wrath (Spider:4)
  A centaur zombie (D:15)
  A water nymph (Shoals:4)
  7 black mambas
  10 torpor snails
  An orange demon (Orc:2)
  2 molten gargoyles (Volcano)
  2 kobold blastminers (Orc:2)
  An eye of devastation (Abyss:2)
  8 cane toads
  An emperor scorpion simulacrum (Spider:3)
  Maggie (D:10)
  2 centaur skeletons (D:15)
  5 gargoyles
  A smoke demon (Abyss:2)
  A hellion (Abyss:2)
  12 komodo dragons
  5 yaktaurs
  15 freezing wraiths (IceCv)
  6 rime drakes
  An efreet (D:15)
  5 anaconda simulacra (IceCv)
  A kobold demonologist (D:9)
  4 tengu conjurers
  2 ice devils
  An ancient zyme (Abyss:2)
  A golden dragon simulacrum (IceCv)
  5 trolls
  4 wolf spider simulacra
  A queen bee (Spider:1)
  2 ghost moth simulacra (Spider:3)
  3 red devils (D:11)
  6 wind drakes
  6 hornets
  17 merfolk
  8 polar bears
  A hornet (shapeshifter) (Abyss:2)
  Grinder (D:5)
  31 tarantellas
  25 blink frogs
  5 alligator simulacra (IceCv)
  4 raiju (Abyss:2)
  9 snapping turtles
  20 dream sheep
  2 air elementals
  30 jumping spiders
  13 slime creatures
  17 water elementals
  29 culicivoras
  2 dire elephant simulacra (IceCv)
  12 spriggans (Lair:5)
  4 wraiths
  4 wyverns
  2 small abominations (Abyss:2)
  2 shadows
  A human (D:13)
  3 basilisks
  A vampire (D:11)
  6 fire elementals
  A ynoxinul (Abyss:2)
  A fire bat (Volcano)
  44 yaks
  4 steam dragons
  9 vampire mosquitoes
  2 wargs
  2 minotaur simulacra (IceCv)
  A chaos spawn (Abyss:2)
  The ghost of sadbutuwu the Poker, an amateur DsGl (D:4)
  2 hogs (D:13)
  A neqoxec (Orc:2)
  56 redbacks
  2 harpy simulacra (IceCv)
  A naga (shapeshifter) (D:13)
  Edmund (D:5)
  An acid dragon (D:14)
  A spectral entropy weaver (Spider:3)
  2 hell hounds (D:15)
  15 water moccasins
  A black bear (shapeshifter) (D:15)
  38 orc warriors
  3 sky beasts
  2 ice beasts
  4 black bears
  2 laughing skulls (D:15)
  22 wolves
  4 boggarts (Lair:5)
  8 centaurs
  15 ogres
  2 phantoms (D:6)
  A brain worm (Orc:2)
  7 kobold brigands
  12 bullfrogs
  2 deep troll simulacra (IceCv)
  A gnoll sergeant (D:11)
  2 earth elementals
  An entropy weaver simulacrum (Spider:3)
  2 scorpions
  13 wights
  A hornet simulacrum (D:15)
  27 killer bees
  3 lindwurm simulacra (IceCv)
  An electric eel (Spider:4)
  5 howler monkeys
  A lava snake (Volcano)
  2 jellies
  2 hounds
  A bombardier beetle (D:3)
  36 orc priests
  2 sleepcaps
  Ijyb (D:4)
  27 orc wizards
  An iguana (D:5)
  4 hell rats (Lair:5)
  Robin (D:3)
  4 gnolls
  7 adders
  9 river rats (D:8)
  2 white imps
  2 ufetubi (D:6)
  3 dart slugs
  4 ribbon worms
  66 orcs
  11 endoplasms
  4 giant cockroaches
  21 goblins
  17 hobgoblins
  14 jackals
  28 kobolds
  4 quokkas
  7 ball pythons
  2 bats (D:1)
  6 frilled lizards
  15 rats
  A spectral kobold (D:15)
  A starspawn tentacle (Abyss:2)
  2 tentacles (Shoals:1)
1577 creatures vanquished.

Vanquished Creatures (others)
  A deep elf knight (Elf:2)
  A deep elf archer (Elf:1)
  An orc sorcerer (Orc:2)
  A jumping spider (Spider:4)
  A human (D:13)
  An orc wizard (D:7)
  3 orcs
  2 goblins (D:5)
  10 starspawn tentacles (Abyss:2)
  12 tentacles (Shoals:1)
33 creatures vanquished.

Grand Total: 1610 creatures vanquished

Notes
Turn   | Place    | Note
-------+----------+-------------------------------------------
     0 | D:1      | RepHenryClay the Gnoll Fighter began the quest for the Orb.
     0 | D:1      | Reached XP level 1. HP: 23/23 MP: 1/1
   128 | D:1      | Reached XP level 2. HP: 29/29 MP: 2/2
   343 | D:1      | Reached XP level 3. HP: 35/35 MP: 3/3
   684 | D:1      | Reached skill level 1 in Invocations
  1043 | D:2      | Reached skill level 1 in Long Blades
  1043 | D:2      | Reached skill level 1 in Axes
  1043 | D:2      | Reached skill level 1 in Maces & Flails
  1043 | D:2      | Reached skill level 1 in Polearms
  1043 | D:2      | Reached skill level 1 in Staves
  1043 | D:2      | Reached skill level 1 in Ranged Weapons
  1043 | D:2      | Reached skill level 1 in Throwing
  1043 | D:2      | Reached skill level 1 in Dodging
  1043 | D:2      | Reached skill level 1 in Stealth
  1043 | D:2      | Reached skill level 1 in Unarmed Combat
  1043 | D:2      | Reached skill level 1 in Spellcasting
  1043 | D:2      | Reached skill level 1 in Evocations
  1121 | D:2      | Reached skill level 1 in Shapeshifting
  1121 | D:2      | Reached XP level 4. HP: 34/41 MP: 5/5
  1414 | D:2      | Reached skill level 1 in Conjurations
  1414 | D:2      | Reached skill level 1 in Hexes
  1414 | D:2      | Reached skill level 1 in Summonings
  1414 | D:2      | Reached skill level 1 in Necromancy
  1414 | D:2      | Reached skill level 1 in Translocations
  1414 | D:2      | Reached skill level 1 in Fire Magic
  1414 | D:2      | Reached skill level 1 in Ice Magic
  1414 | D:2      | Reached skill level 1 in Air Magic
  1414 | D:2      | Reached skill level 1 in Earth Magic
  1414 | D:2      | Reached skill level 1 in Alchemy
  1642 | D:3      | Noticed Robin
  1896 | D:3      | Reached XP level 5. HP: 40/47 MP: 5/7
  2072 | D:3      | Found an ancient bone altar of Kikubaaqudgha.
  2074 | D:3      | Found a blossoming altar of Fedhas.
  2206 | D:3      | Killed Robin
  2272 | D:3      | Found Xaugairph's Jewellery Shop.
  2944 | D:4      | Reached XP level 6. HP: 49/53 MP: 8/8
  2996 | D:3      | Reached skill level 5 in Short Blades
  3129 | D:4      | Found a large runed translucent door.
  3129 | D:4      | Found a large runed translucent door.
  3131 | D:4      | Noticed sadbutuwu's ghost (amateur DsGl)
  3474 | D:5      | Entered Level 5 of the Dungeon
  3728 | D:5      | Gained mutation: Your flesh is heat resistant. (rF+)
                  | [potion of mutation]
  3728 | D:5      | Gained mutation: Armour fits poorly on your strangely
                  | shaped body. [potion of mutation]
  3728 | D:5      | Gained mutation: You have large cloven feet. [potion of
                  | mutation]
  3728 | D:5      | Gained mutation: You passively map a small area around you.
                  | [potion of mutation]
  3794 | D:4      | Reached XP level 7. HP: 60/60 MP: 10/10
  3940 | D:5      | Noticed Edmund
  3964 | D:5      | Killed Edmund
  4021 | D:5      | Noticed Grinder
  4060 | D:5      | Killed Grinder
  4061 | D:5      | Reached XP level 8. HP: 67/67 MP: 12/12
  4129 | D:5      | Noticed Ijyb
  4240 | D:4      | Killed Ijyb
  4334 | D:5      | Found a hazy altar of Hepliaklqana.
  4505 | D:5      | Found an ornate altar of the Wu Jian Council.
  4560 | D:6      | Noticed a yak
  4560 | D:6      | Noticed a yak
  4560 | D:6      | Noticed a yak
  4560 | D:6      | Noticed a yak
  4582 | D:5      | Killed a yak
  4588 | D:5      | Killed a yak
  4755 | D:6      | Found Qeashrer's Armour Shop.
  5161 | D:6      | Found a staircase to the Ecumenical Temple.
  5183 | Temple   | Entered the Ecumenical Temple
  5196 | Temple   | Became a worshipper of Warmaster Okawaru
  5328 | D:6      | Noticed a yak
  5383 | D:6      | Killed a yak
  5384 | D:6      | Reached XP level 9. HP: 27/73 MP: 14/14
  5602 | D:6      | Found Qeashrer's Armour Shop.
  5928 | D:6      | Found a staircase to the Ecumenical Temple.
  6206 | D:6      | Found a staircase to the Ecumenical Temple.
  6456 | D:6      | Found Qeashrer's Armour Shop.
  6775 | D:6      | Found Qeashrer's Armour Shop.
  7061 | D:6      | Found a staircase to the Ecumenical Temple.
  7407 | D:7      | Found Zuetibi's Fire Supplies.
  7440 | D:7      | Reached * piety under Okawaru
  7468 | D:7      | Found a flagged portal.
  7473 | Bailey   | Entered a bailey
  7542 | Bailey   | Reached skill level 5 in Invocations
  7588 | Bailey   | Noticed an orc knight
  7605 | Bailey   | Killed an orc knight
  7862 | D:7      | Reached skill level 5 in Long Blades
  7862 | D:7      | Reached skill level 5 in Axes
  7862 | D:7      | Reached skill level 5 in Maces & Flails
  7862 | D:7      | Reached skill level 5 in Polearms
  7862 | D:7      | Reached skill level 5 in Staves
  7862 | D:7      | Reached skill level 5 in Ranged Weapons
  7862 | D:7      | Reached skill level 5 in Throwing
  7862 | D:7      | Reached skill level 5 in Dodging
  7862 | D:7      | Reached skill level 5 in Stealth
  7862 | D:7      | Reached skill level 5 in Unarmed Combat
  7862 | D:7      | Reached skill level 5 in Spellcasting
  7862 | D:7      | Reached skill level 5 in Evocations
  7862 | D:7      | Reached XP level 10. HP: 81/81 MP: 17/17
  7919 | D:7      | Reached ** piety under Okawaru
  8184 | D:7      | Found a sparkling altar of Nemelex Xobeh.
  9036 | D:7      | Found Zuetibi's Fire Supplies.
  9149 | D:7      | Found a sparkling altar of Nemelex Xobeh.
  9209 | D:7      | Reached skill level 5 in Shapeshifting
  9338 | D:8      | Reached *** piety under Okawaru
  9775 | D:8      | You fall into a shaft and drop 1 floor!
 10134 | D:8      | Reached skill level 5 in Conjurations
 10134 | D:8      | Reached skill level 5 in Hexes
 10134 | D:8      | Reached skill level 5 in Summonings
 10134 | D:8      | Reached skill level 5 in Necromancy
 10134 | D:8      | Reached skill level 5 in Translocations
 10134 | D:8      | Reached skill level 5 in Fire Magic
 10134 | D:8      | Reached skill level 5 in Ice Magic
 10134 | D:8      | Reached skill level 5 in Air Magic
 10134 | D:8      | Reached skill level 5 in Earth Magic
 10134 | D:8      | Reached skill level 5 in Alchemy
 10224 | D:8      | Reached XP level 11. HP: 85/89 MP: 20/20
 10367 | D:8      | Reached **** piety under Okawaru
 10855 | D:9      | Identified 2 scrolls of acquirement
 10857 | D:9      | Acquired the +0 pair of gloves of Hedonism {rF- rN++ rCorr
                  | Stlth-}
 10866 | D:10     | Entered Level 10 of the Dungeon
 10968 | D:10     | Found a staircase to the Lair.
 11084 | D:10     | Found a staircase to the Orcish Mines.
 11328 | D:10     | Found a glowing golden altar of the Shining One.
 11645 | D:10     | Noticed Urug
 11978 | D:10     | Noticed Maggie
 12003 | D:10     | Killed Maggie
 12445 | D:11     | Noticed a manticore
 12604 | D:11     | Killed a manticore
 12694 | Orc:1    | Entered Level 1 of the Orcish Mines
 12694 | Orc:1    | Noticed an orc knight
 12696 | Orc:1    | Noticed an orc sorcerer
 12698 | Orc:1    | Noticed a sun demon
 12735 | Lair:1   | Entered Level 1 of the Lair of Beasts
 12836 | Lair:1   | You fall into a shaft and drop 1 floor!
 12836 | Lair:2   | Found a staircase to the Shoals.
 12910 | Lair:1   | Reached ***** piety under Okawaru
 12910 | Lair:1   | Received a gift from Okawaru
 13085 | Lair:1   | Reached XP level 12. HP: 70/97 MP: 22/22
 13502 | Lair:1   | Reached skill level 10 in Fighting
 13502 | Lair:1   | Reached skill level 10 in Armour
 13502 | Lair:1   | Reached skill level 10 in Shields
 14339 | Lair:2   | Received a gift from Okawaru
 14340 | Lair:2   | Acquired the +5 Storm Queen's Shield {shock, Fly rElec}
 14340 | Lair:2   | Found the +5 Storm Queen's Shield {shock, Fly rElec}
 14387 | Lair:2   | Acquired a +2 double sword of protection
 14708 | Lair:2   | Found a hole to the Spider Nest.
 14811 | Lair:2   | Reached ****** piety under Okawaru
 14811 | Lair:2   | Received a gift from Okawaru
 14823 | Lair:2   | Reached XP level 13. HP: 104/104 MP: 25/25
 14827 | Lair:2   | Acquired a +1 pair of boots of rampaging
 14827 | Lair:2   | Received a gift from Okawaru
 15742 | Lair:3   | Received a gift from Okawaru
 15954 | Lair:3   | Reached skill level 10 in Short Blades
 16156 | Lair:3   | Noticed Snorg
 16181 | Lair:3   | Killed Snorg
 16425 | Lair:3   | HP: 3/100 [six-headed hydra (4)]
 16450 | Lair:3   | Received a gift from Okawaru
 16554 | Lair:3   | Reached skill level 10 in Invocations
 16554 | Lair:3   | Reached XP level 14. HP: 87/113 MP: 27/27
 17418 | Lair:4   | Found a dark tunnel.
 17424 | Volcano  | Entered a volcano
 17516 | Volcano  | Found a bloodstained altar of Trog.
 17530 | Volcano  | Received a gift from Okawaru
 17733 | Volcano  | Identified the +1 helmet of the Cobbler {+Inv rElec rPois
                  | Dex-2}
 18269 | Lair:5   | Entered Level 5 of the Lair of Beasts
 18316 | Lair:5   | Found a staircase to the Slime Pits.
 18340 | Lair:5   | Received a gift from Okawaru
 18373 | Lair:4   | Lost mutation: Your flesh is heat resistant. (rF+) [potion
                  | of mutation]
 18373 | Lair:4   | Lost mutation: Armour fits poorly on your strangely shaped
                  | body. [potion of mutation]
 18373 | Lair:4   | Lost mutation: You passively map a small area around you.
                  | [potion of mutation]
 18373 | Lair:4   | Gained mutation: Your movements are slightly less
                  | encumbered by armour. (ER -2) [potion of mutation]
 18373 | Lair:4   | Gained mutation: Your flesh is cold resistant. (rC+)
                  | [potion of mutation]
 18784 | Lair:5   | Received a gift from Okawaru
 18904 | Lair:5   | Reached skill level 10 in Long Blades
 18904 | Lair:5   | Reached skill level 10 in Axes
 18904 | Lair:5   | Reached skill level 10 in Maces & Flails
 18904 | Lair:5   | Reached skill level 10 in Polearms
 18904 | Lair:5   | Reached skill level 10 in Staves
 18904 | Lair:5   | Reached skill level 10 in Ranged Weapons
 18904 | Lair:5   | Reached skill level 10 in Throwing
 18904 | Lair:5   | Reached skill level 10 in Dodging
 18904 | Lair:5   | Reached skill level 10 in Stealth
 18904 | Lair:5   | Reached skill level 10 in Unarmed Combat
 18904 | Lair:5   | Reached skill level 10 in Spellcasting
 18904 | Lair:5   | Reached skill level 10 in Evocations
 19095 | Lair:5   | Reached XP level 15. HP: 118/120 MP: 29/29
 19189 | Lair:5   | Received a gift from Okawaru
 20258 | Orc:2    | Entered Level 2 of the Orcish Mines
 20308 | Orc:2    | Noticed Sonja
 20319 | Orc:2    | Killed Sonja
 20339 | Orc:2    | Found Nurootag's Mass Market.
 20489 | Orc:2    | Found a flickering gateway to a bazaar.
 20494 | Bazaar   | Entered a bazaar
 20496 | Bazaar   | Found Sijaab's Armour Emporium.
 20506 | Bazaar   | Found Eniq's Magic Scroll Emporium.
 20514 | Bazaar   | Found Jorphakhla's Armour Emporium.
 20520 | Bazaar   | Found Hudoth's Jewellery Shop.
 20552 | Bazaar   | Bought a scroll of teleportation for 30 gold pieces
 20560 | Bazaar   | Bought the +8 chain mail "Gasorph" {Str+3} for 635 gold
                  | pieces
 20931 | Orc:2    | Found a staircase to the Elven Halls.
 20942 | Orc:2    | Found a runed translucent door.
 20949 | Orc:2    | Noticed LustLizard's ghost (journeyman MiBe)
 21061 | Orc:2    | Received a gift from Okawaru
 21176 | Abyss:2  | Cast into level 2 of the Abyss (orc knight)
 21240 | Abyss:2  | Noticed a tentacled starspawn
 21295 | Orc:2    | Escaped the Abyss
 21318 | Abyss:2  | Cast into level 2 of the Abyss (orc knight)
 21360 | Abyss:2  | Found a corrupted altar of Lugonu.
 21392 | Abyss:2  | Noticed a tentacled starspawn
 21852 | Abyss:2  | Received a gift from Okawaru
 21959 | Abyss:2  | Noticed a tentacled starspawn
 22015 | Abyss:2  | Killed a tentacled starspawn
 22043 | Abyss:2  | Noticed a deep elf elementalist
 22065 | Abyss:2  | Killed a deep elf elementalist
 22091 | Orc:2    | Escaped the Abyss
 22265 | Orc:2    | Found a staircase to the Elven Halls.
 22269 | Orc:2    | Found a runed translucent door.
 22305 | Orc:2    | Found Nurootag's Mass Market.
 22561 | Orc:2    | Found Feaj's Magic Scroll Shop.
 22563 | Orc:2    | Found Plog's Distillery.
 22831 | Orc:2    | Bought a scroll of teleportation for 36 gold pieces
 22831 | Orc:2    | Bought a scroll of blinking for 90 gold pieces
 22833 | Orc:2    | Bought a potion of curing for 48 gold pieces
 22833 | Orc:2    | Bought a potion of heal wounds for 80 gold pieces
 22860 | Orc:2    | Gained mutation: You are strong-willed. (Will+) [a neqoxec]
 22861 | Orc:2    | Gained mutation: You are frail. (-10% HP) [a neqoxec]
 23385 | Orc:2    | Received a gift from Okawaru
 23403 | Orc:2    | Reached skill level 10 in Shapeshifting
 23458 | Orc:2    | Reached XP level 16. HP: 116/116 MP: 30/30
 23508 | Orc:2    | Found Soydghail's Antique Weapon Emporium.
 23508 | Orc:2    | Found Zefaum's Jewellery Shoppe.
 23509 | Orc:2    | Found a one-way gate leading to the halls of Pandemonium.
 23513 | Orc:2    | Bought the ring "Woitaqes" {Wiz Will+ rCorr Str+4} for 792
                  | gold pieces
 24852 | D:12     | Identified the +6 short sword "Killer Bee's Doom" {spect,
                  | *Slow rElec rF+}
 24876 | D:12     | Received a gift from Okawaru
 25424 | D:13     | Noticed Kirke
 25441 | D:13     | Killed Kirke
 26013 | D:13     | Noticed Lodul
 26039 | D:13     | Killed Lodul
 26458 | D:13     | Received a gift from Okawaru
 27309 | D:14     | Noticed a tengu reaver
 27314 | D:14     | Found a gate to the Vaults.
 27327 | D:14     | Killed a tengu reaver
 27504 | D:15     | Entered Level 15 of the Dungeon
 28154 | D:15     | Noticed Azrael
 28434 | D:15     | Killed Azrael
 28534 | D:15     | Found a hazy altar of Hepliaklqana.
 28586 | D:15     | Received a gift from Okawaru
 28863 | D:15     | Found a staircase to the Depths.
 28883 | D:15     | Reached XP level 17. HP: 119/123 MP: 32/32
 29287 | D:4      | Killed sadbutuwu's ghost
 29445 | D:10     | Killed Urug
 29670 | Orc:2    | Killed LustLizard's ghost
 29795 | Shoals:1 | Entered Level 1 of the Shoals
 29876 | Shoals:1 | Reached skill level 10 in Conjurations
 29876 | Shoals:1 | Reached skill level 10 in Hexes
 29876 | Shoals:1 | Reached skill level 10 in Summonings
 29876 | Shoals:1 | Reached skill level 10 in Necromancy
 29876 | Shoals:1 | Reached skill level 10 in Translocations
 29876 | Shoals:1 | Reached skill level 10 in Fire Magic
 29876 | Shoals:1 | Reached skill level 10 in Ice Magic
 29876 | Shoals:1 | Reached skill level 10 in Air Magic
 29876 | Shoals:1 | Reached skill level 10 in Earth Magic
 29876 | Shoals:1 | Reached skill level 10 in Alchemy
 30212 | Shoals:1 | Noticed a kraken
 30240 | Shoals:1 | Killed a kraken
 30253 | Shoals:1 | Received a gift from Okawaru
 30700 | Shoals:1 | Noticed Nikola
 30701 | Shoals:1 | Upgraded the game from 0.31.0-4-g52a2dc7128 to
                  | 0.31.0-7-gf635a9b802
 30719 | Shoals:1 | Killed Nikola
 31557 | Shoals:2 | Acquired the +5 great mace of Dismemberment {spect, Str-3
                  | Int+8 SInv}
 31557 | Shoals:2 | Received a gift from Okawaru
 31770 | Shoals:1 | Learned a level 3 spell: Dazzling Flash
 31774 | Shoals:1 | Learned a level 3 spell: Stone Arrow
 31881 | Shoals:2 | Received a gift from Okawaru
 32666 | Shoals:3 | Noticed Mara
 32995 | Shoals:2 | Noticed RepHenryClay's illusion
 33276 | Shoals:2 | Noticed RepHenryClay's illusion
 33291 | Shoals:2 | Killed Mara
 34019 | Shoals:3 | Noticed Polyphemus
 34457 | Shoals:3 | Killed Polyphemus
 34457 | Shoals:3 | Received a gift from Okawaru
 35213 | Shoals:3 | Found Tal Tav's Book Shoppe.
 35233 | Shoals:3 | Received a gift from Okawaru
 35524 | Shoals:3 | Learned a level 3 spell: Mephitic Cloud
 35530 | Shoals:3 | Learned a level 5 spell: Freezing Cloud
 35817 | Shoals:4 | Entered Level 4 of the Shoals
 35885 | Shoals:3 | Reached XP level 18. HP: 100/130 MP: 9/34
 36767 | Shoals:4 | Received a gift from Okawaru
 37525 | Shoals:4 | Got a barnacled rune of Zot
 38354 | Spider:1 | Entered Level 1 of the Spider Nest
 38391 | Spider:1 | Learned a level 4 spell: Olgreb's Toxic Radiance
 38498 | Spider:1 | Received a gift from Okawaru
 39990 | Spider:1 | Received a gift from Okawaru
 40040 | Spider:1 | Learned a level 4 spell: Iskenderun's Mystic Blast
 40263 | Spider:2 | Reached XP level 19. HP: 137/137 MP: 0/36
 41243 | Spider:2 | Noticed Donald
 41254 | Spider:2 | Killed Donald
 41254 | Spider:2 | Received a gift from Okawaru
 42369 | Spider:3 | Received a gift from Okawaru
 42735 | Spider:3 | Found a transporter.
 42737 | Spider:3 | Noticed Zosacw's ghost (adept HaHu)
 42768 | Spider:3 | Noticed Louise
 42776 | Spider:3 | Killed Louise
 43038 | Spider:3 | Identified the scarf "Noas" {repulsion, rC++}
 43264 | Spider:3 | Found a transporter.
 43289 | Spider:3 | Acquired 1080 gold pieces
 43901 | D:3      | Bought the ring of Cos Oju {rF+ rN+ Stlth+} for 468 gold
                  | pieces
 44170 | Spider:3 | Learned a level 5 spell: Lee's Rapid Deconstruction
 44175 | Spider:3 | Reached skill level 15 in Fighting
 44175 | Spider:3 | Reached skill level 15 in Armour
 44175 | Spider:3 | Reached skill level 15 in Shields
 44576 | Spider:4 | Entered Level 4 of the Spider Nest
 45132 | Spider:4 | Received a gift from Okawaru
 45241 | Spider:4 | Reached skill level 15 in Invocations
 45902 | Spider:4 | Reached XP level 20. HP: 145/145 MP: 29/37
 46213 | Spider:4 | Received a gift from Okawaru
 47122 | Spider:4 | Got a gossamer rune of Zot
 47133 | Spider:4 | Identified the +1 hat "Liucagoll" {-Cast +Blink Regen+
                  | SInv}
 47433 | Elf:1    | Entered Level 1 of the Elven Halls
 47492 | Elf:1    | Received a gift from Okawaru
 47645 | Elf:1    | Found a portal to a secret trove of treasure.
 48465 | Elf:2    | Paralysed by an air elemental for 1 turns
 48774 | Elf:2    | Found a glacial archway.
 48785 | IceCv    | Entered an ice cave
 48794 | IceCv    | Reached skill level 15 in Short Blades
 48976 | IceCv    | Received a gift from Okawaru
 49053 | IceCv    | Found an ancient bone altar of Kikubaaqudgha.
 49210 | IceCv    | Identified the +0 robe of Broken Taboos {Regen+}
 49501 | IceCv    | Identified the ring "Qorejiw" {rF- rN+ Int+4}
 50238 | Elf:2    | Noticed Agnes
 50257 | Elf:2    | Killed Agnes
 50257 | Elf:2    | Received a gift from Okawaru
 50402 | Elf:2    | Found a huge runed translucent gate.
 50402 | Elf:2    | Found a huge runed translucent gate.
 50426 | Elf:2    | Found a huge runed translucent gate.
 50426 | Elf:2    | Found a huge runed translucent gate.
 50427 | Elf:2    | Found a huge runed translucent gate.
 50589 | Elf:2    | Reached XP level 21. HP: 136/153 MP: 34/39
 50930 | Elf:2    | Noticed Norris
 50986 | Elf:2    | Killed Norris
 51603 | Elf:3    | Entered Level 3 of the Elven Halls
 52334 | Elf:3    | Received a gift from Okawaru
 53340 | Elf:3    | Reached skill level 15 in Long Blades
 53340 | Elf:3    | Reached skill level 15 in Axes
 53340 | Elf:3    | Reached skill level 15 in Maces & Flails
 53340 | Elf:3    | Reached skill level 15 in Polearms
 53340 | Elf:3    | Reached skill level 15 in Staves
 53340 | Elf:3    | Reached skill level 15 in Ranged Weapons
 53340 | Elf:3    | Reached skill level 15 in Throwing
 53340 | Elf:3    | Reached skill level 15 in Dodging
 53340 | Elf:3    | Reached skill level 15 in Stealth
 53340 | Elf:3    | Reached skill level 15 in Unarmed Combat
 53340 | Elf:3    | Reached skill level 15 in Spellcasting
 53340 | Elf:3    | Reached skill level 15 in Evocations
 53648 | Elf:3    | Identified the +1 spear "Ox" {freeze, rElec}
 53667 | Elf:3    | Identified the +1 scale mail of Polish {Dex+3}
 53680 | Elf:3    | Received a gift from Okawaru
 53905 | Elf:3    | Identified the +6 scale mail "Cacipigo" {rF+ Regen+}
 53905 | Elf:3    | Identified the ring of Royalty {Fire ^Contam Int+8}
 53938 | Elf:3    | Noticed Asterion
 54191 | Elf:2    | Killed Asterion
 54470 | Elf:3    | Got the Quarto of Unlucky Rallying
 54536 | Elf:3    | Got the Quarto of the Mighty Chill
 54544 | Elf:3    | Identified the +2 spear of the Assorted Ghosts {freeze,
                  | +Blink rN+ Str-2 SInv}
 54836 | Vaults:1 | Entered Level 1 of the Vaults
 55118 | Vaults:1 | Learned a level 4 spell: Vhi's Electric Charge
 55197 | Vaults:1 | Noticed Zenata
 55209 | Vaults:1 | HP: 7/154 [centaur warrior (5)]
 55210 | Vaults:1 | Killed from afar by Zenata

Illustrated notes

Levels and vault maps discovered:
D:1:      noname_arrival_rooms_in_the_neighbourhood, layout_loops_ring,
          minivault_26, nicolae_concentric_dashed_squares_mild,
          palyth_stone_intersect, st_stairs_6
D:2:      layout_basic, feat_on_display
D:3:      layout_basic, grunt_temple_overflow_growth_and_decay, serial_shops,
          shop, ebering_dispersal_statue_hall, kennysheep_generic_room_9,
          uniq_robin
D:4:      layout_rooms, ebering_ghost_disaster_area
D:5:      layout_basic, nicolae_wu_jian_immortal_techniques,
          mainiacjoe_overflow_alcove_4, nicolae_goblin_pals, uniq_grinder,
          uniq_edmund
D:6:      layout_gridville, minmay_temple_entry_tees, serial_shops,
          nicolae_shop_waterfront, minmay_misc_feat_more_columns
D:7:      layout_rooms, marbit_many_paths, enter_bailey_2,
          nicolae_shop_fire_sale [nicolae_sub_dead_trees]
D:8:      minmay_flawed_box, layout_gridville, dk_rats_in_the_wall
D:9:      layout_irregular_city
D:10:     kennysheep_steamy, layout_long_grid, tso_altar, lair_entry_dummy,
          erik_orc_3, serial_glass, glass_columns_b, glass_columns_b,
          uniq_maggie, uniq_urug
D:11:     layout_roguey, einodemon_armed_red_devil_minivault
D:12:     layout_roguey
D:13:     layout_long_grid, uniq_lodul, uniq_kirke
D:14:     layout_cave_pools, hellmonk_vaults_attempted_burglary,
          amcnicky_mini_rare_corridor_liquid
D:15:     grunt_enter_depths_magical_seal, layout_irregular_city,
          glass_columns_b, nicolae_hepliaklqana_monster_ancestors, uniq_azrael
Temple:   compressed_dpeg_triangle_lava_temple
Lair:1:   layout_small_grid
Lair:2:   layout_gridlike, shoals_dummy_entry, nicolae_spider_entry_orb_guardian
Lair:3:   nzn_winding_woodlands_three_and_one
          [nzn_winding_woodlands_5x15_pathside_ponds,
          nzn_winding_woodlands_5x15_zeroes, nzn_winding_woodlands_5x15_jagged,
          nzn_winding_woodlands_center_triple_pond], layout_hall_layers,
          st_stairs_7, uniq_snorg
Lair:4:   layout_cave_shapes, nicolae_volcano_entry_hallway
Lair:5:   minmay_lair_end_enchanted_forest, layout_cave_pods,
          minmay_slime_entry_oklob_open, lemuel_fruit_tree
Shoals:1: layout_shoals, uniq_nikola
Shoals:2: layout_shoals
Shoals:3: layout_shoals, serial_shops, nicolae_shop_real_fake_doors,
          nicolae_shoals_elemental_ambush, uniq_polyphemus, uniq_mara
Shoals:4: shoals_end_hellmonk_lost_city, serial_shops
Spider:1: layout_spider_delve, special_room [special_room_bee],
          nicolae_spider_circle_web, nicolae_spider_undead_wolf_pack
Spider:2: layout_cave_pods, nicolae_spider_eight_legs, uniq_donald
Spider:3: layout_cave_pods, gammafunk_ghost_mausoleum, nicolae_spider_bug_shape,
          uniq_louise
Spider:4: grunt_spider_rune_circles
Orc:1:    layout_diamond_mine
Orc:2:    pf_orc_diabolical, layout_diamond_mine, serial_shops, bzr_entry_road,
          ebering_ghost_reflecting_pool, minmay_shop_mass, mines1_david,
          uniq_sonja
Elf:1:    layout_gridlike, nicolae_trove_entry_isolated,
          kennysheep_underground_church, library_closet
Elf:2:    elven_hall_of_blades_hangedman_alternative [nicolae_blade_tridents],
          layout_onion_city, portal_ice_cave_entry_ugly_swarm,
          minmay_misc_feat_alley, uniq_agnes, uniq_norris
Elf:3:    minmay_elf_hall_circle, layout_geoelf_diagonals, minivault_16,
          uniq_asterion
Vaults:1: nicolae_vaults_network_periphery, ontoclasm_vaults_ring_small,
          nicolae_vaults_trapezoid_lopsided_2,
          nicolae_vaults_shipping_containers_3, nicolae_vaults_apartment_1,
          vaults_dpeg_emergency_exit, vaults_room_grunt_arrival_ludios,
          nicolae_vaults_sesquioval_fish, nicolae_vaults_trapezoid_lopsided_1,
          layout_vaults_quadrants, uniq_zenata

Skill      XL: |  1  2  3  4  5  6  7  8  9 10 11 12 13 14 15 16 17 18 19 20 21 |
---------------+----------------------------------------------------------------+-----
Invocations    | 1 2 3 4 5 6 7 8 10 11 12 13 14 15 16 | 16.4
Long Blades    | 1 2 3 5 6 7 8 9 10 11 12 13 14 15 | 15.1
Axes           | 1 2 3 5 6 7 8 9 10 11 12 13 14 15 | 15.1
Maces & Flails | 1 2 3 5 6 7 8 9 10 11 12 13 14 15 | 15.1
Polearms       | 1 2 3 5 6 7 8 9 10 11 12 13 14 15 | 15.1
Staves         | 1 2 3 5 6 7 8 9 10 11 12 13 14 15 | 15.1
Ranged Weapons | 1 2 3 5 6 7 8 9 10 11 12 13 14 15 | 15.1
Throwing       | 1 2 3 5 6 7 8 9 10 11 12 13 14 15 | 15.1
Dodging        | 1 2 3 5 6 7 8 9 10 11 12 13 14 15 | 15.1
Stealth        | 1 2 3 5 6 7 8 9 10 11 12 13 14 15 | 15.1
Unarmed Combat | 1 2 3 5 6 7 8 9 10 11 12 13 14 15 | 15.1
Spellcasting   | 1 2 3 5 6 7 8 9 10 11 12 13 14 15 | 15.1
Evocations     | 1 2 3 5 6 7 8 9 10 11 12 13 14 15 | 15.1
Shapeshifting  | 1 2 3 4 5 6 7 8 9 10 11 12 13 14 | 14.0
Conjurations   | 1 2 3 4 5 6 7 8 9 10 11 12 | 12.9
Hexes          | 1 2 3 4 5 6 7 8 9 10 11 12 | 12.9
Summonings     | 1 2 3 4 5 6 7 8 9 10 11 12 | 12.9
Necromancy     | 1 2 3 4 5 6 7 8 9 10 11 12 | 12.9
Translocations | 1 2 3 4 5 6 7 8 9 10 11 12 | 12.9
Fire Magic     | 1 2 3 4 5 6 7 8 9 10 11 12 | 12.9
Ice Magic      | 1 2 3 4 5 6 7 8 9 10 11 12 13 | 13.4
Air Magic      | 1 2 3 4 5 6 7 8 9 10 11 12 | 12.9
Earth Magic    | 1 2 3 4 5 6 7 8 9 10 11 12 | 12.9
Alchemy        | 1 2 3 4 5 6 7 8 9 10 11 12 | 12.9
Short Blades   | 5 6 7 8 9 10 11 12 13 14 15 | 15.7
Fighting       | 7 8 9 10 11 12 13 14 15 16 | 16.3
Armour         | 7 8 9 10 11 12 13 14 15 16 | 16.3
Shields        | 7 8 9 10 11 12 13 14 15 16 | 16.3

Action                     |  1- 3 |  4- 6 |  7- 9 | 10-12 | 13-15 | 16-18 | 19-21 || total
---------------------------+-------+-------+-------+-------+-------+-------+-------++-------
  Melee: Rapier            |   154 |   375 |   139 |    39 |    11 |    15 |       ||   733
         Bite              |    14 |    41 |    39 |   193 |   295 |   308 |   230 ||  1120
         Kick              |       |     4 |    79 |    74 |       |       |       ||   157
         Flail             |       |       |   143 |   884 |   916 |   665 |       ||  2608
         Unarmed           |       |       |    20 |       |       |       |       ||    20
         Whip              |       |       |       |   233 |   853 |   110 |       ||  1196
         War axe           |       |       |       |    10 |       |       |       ||    10
         Falchion          |       |       |       |       |    13 |       |       ||    13
         Scimitar          |       |       |       |       |       |   455 |       ||   455
         Demon trident     |       |       |       |       |       |   643 |  1904 ||  2547
         Dagger            |       |       |       |       |       |    45 |     4 ||    49
  Throw: Dart              |       |     2 |    59 |    84 |    88 |    81 |   101 ||   415
         Javelin           |       |       |       |       |     4 |     1 |    11 ||    16
   Cast: Dazzling Flash    |       |       |       |       |       |    26 |     6 ||    32
         Stone Arrow       |       |       |       |       |       |     1 |       ||     1
         Olgreb's Toxic Ra |       |       |       |       |       |    15 |    45 ||    60
         Freezing Cloud    |       |       |       |       |       |     3 |     7 ||    10
         Mephitic Cloud    |       |       |       |       |       |     2 |    11 ||    13
         Iskenderun's Myst |       |       |       |       |       |       |    20 ||    20
         Lee's Rapid Decon |       |       |       |       |       |       |     3 ||     3
 Invoke: Heroism           |       |       |       |     4 |    10 |     6 |     9 ||    29
         Receive Armour    |       |       |       |       |     1 |       |       ||     1
         Finesse           |       |       |       |       |       |     1 |       ||     1
         Receive Weapon    |       |       |       |       |       |     1 |       ||     1
Ability: Evoke Invisibilit |       |       |       |       |     3 |     2 |       ||     5
  Evoke: Wand              |       |       |     7 |     2 |    21 |     7 |     1 ||    38
         Lightning rod     |       |       |       |       |       |     4 |     4 ||     8
         Phial of floods   |       |       |       |       |       |       |     1 ||     1
    Use: Potion            |       |     5 |     2 |     1 |     3 |     4 |     4 ||    19
         Scroll            |       |       |    12 |     8 |    11 |     7 |    15 ||    53
   Stab: Sleeping          |       |       |     1 |     4 |    10 |    22 |    16 ||    53
         Distracted        |       |       |       |     1 |     4 |     2 |     6 ||    13
         Paralysed         |       |       |       |     1 |       |       |       ||     1
         Invisible         |       |       |       |       |     2 |    13 |     2 ||    17
         Petrified         |       |       |       |       |       |     8 |       ||     8
         Petrifying        |       |       |       |       |       |     1 |       ||     1
         Confused          |       |       |       |       |       |     2 |    15 ||    17
 Armour: Scale mail        |    80 |   216 |   178 |       |       |       |       ||   474
         Steam dragon scal |       |       |    49 |   739 |   218 |       |       ||  1006
         Skin              |       |       |    16 |       |       |       |       ||    16
         Leather armour    |       |       |       |       |   214 |       |       ||   214
         Chain mail        |       |       |       |       |   291 |   768 |   732 ||  1791
  Dodge: Dodged            |    47 |   141 |   150 |   642 |   644 |   384 |   392 ||  2400
         Repelled          |       |       |       |       |       |       |    26 ||    26
  Block: Buckler           |    31 |    72 |    85 |   363 |       |       |       ||   551
         Kite shield       |       |       |       |   113 |  1417 |  1774 |  1671 ||  4975
         Reflection        |       |       |       |       |       |   128 |    88 ||   216
